 Dungeon Crawl Stone Soup version 0.20-a0-421-gf6b327c (webtiles) character file.

858 Kurtz the Slasher (level 7, -3/56 HPs)
             Began as a Demigod Fighter on Jan 1, 2017.
             Killed from afar by terra53's ghost (29 damage)
             ... with an orb of energy
             ... on level 6 of the Dungeon.
             The game lasted 00:10:51 (6427 turns).

Kurtz the Slasher (Demigod Fighter)                 Turns: 6427, Time: 00:10:52

Health: -3/56      AC: 12    Str: 24    XL:     7   Next: 43%
Magic:  9/9        EV:  7    Int: 12    God:
Gold:   154        SH:  0    Dex: 22    Spells: 6/6 levels left

rFire  . . .     SeeInvis .     a - +0 long sword
rCold  . . .     Gourm    .     e - +0 plate armour
rNeg   . . .     Faith    .     (no shield)
rPois  .         Spirit   .     (no helmet)
rElec  .         Reflect  .     (no cloak)
rCorr  .         Harm     .     (no gloves)
MR     .....                    (no boots)
Stlth  ..........               A - amulet of inaccuracy (curse)
                                (no ring)
                                y - +3 ring of dexterity

@: mighty
A: high mp 1
a: no special abilities


You were on level 6 of the Dungeon.
You were completely stuffed.

You visited 1 branch of the dungeon, and saw 6 of its levels.
You also visited: Sewer.

You collected 154 gold pieces.

Inventory:

Hand Weapons
 a - a +0 long sword (weapon)
 v - a +0 blowgun
Missiles
 w - 56 poisoned needles
Armour
 b - a +0 scale mail
 e - a +0 plate armour (worn)
 z - the +1 leather armour "Loz Hiho" {rCorr Int+2 Stlth+}
   (You found it on level 5 of the Dungeon)

   It affects your intelligence (+2).
   It protects you from acid and corrosion.
   It makes you more stealthy.
Jewellery
 i - an uncursed amulet of the gourmand
 y - a +3 ring of dexterity (left hand)
 A - a cursed amulet of inaccuracy (around neck)
Wands
 p - a wand of iceblast (3/15)
Scrolls
 g - 2 scrolls of enchant weapon
 l - 2 scrolls of fog
 m - a scroll of immolation
 q - 3 scrolls of identify
Potions
 d - 3 potions of might
 h - a potion of flight {unknown}
 j - a potion of heal wounds
 k - 3 potions of brilliance
 n - a potion of lignification {unknown}
 o - a potion of curing
 s - a potion of cure mutation {unknown}
 t - 2 potions of haste {unknown}
 u - a potion of ambrosia {unknown}
Comestibles
 c - a slice of pizza
 f - 5 bread rations
 r - 4 fruits
 x - a meat ration


   Skills:
 - Level 2.6 Fighting
 * Level 6.7 Long Blades
 * Level 5.4 Armour
   Level 2.6 Shields


You had 6 spell levels left.
You didn't know any spells.

Dungeon Overview and Level Annotations

Branches:
Dungeon (6/15)             Temple (0/1) D:4

Annotations:
D:4 exclusion: oklob plant
D:6 terra53's ghost, novice DrCj


Innate Abilities, Weirdness & Mutations

You have an increased reservoir of magic. (+10% MP)


Message History

You completely miss terra53's ghost. Terra53's ghost hits you.
You miss terra53's ghost. Terra53's ghost casts a spell at you.
The magic dart hits you!
You feel much better.
Terra53's ghost gestures at you while chanting.
The orb of energy hits you!
The orb of energy explodes!
You feel very mighty all of a sudden.
Terra53's ghost hits you but does no damage.
You miss terra53's ghost.
Terra53's ghost gestures at you while chanting.
The spray of energy hits you!
* * * LOW HITPOINT WARNING * * *
You feel much better. Terra53's ghost hits you.
You miss terra53's ghost. Terra53's ghost barely misses you.
You miss terra53's ghost. Terra53's ghost casts a spell at you.
The orb of energy hits you!
Ouch! That really hurt!
You die...

.... #... #..# .
#..# .. #..##...
#########.......
.......'<..# ###
.....W.#)..##..##.##
.......#..YW@......+
.......##..##......#
#+###.. #..# ..###+#
#.. #..# ..# ...
.... ...
.............
............
..............
#..##+###.


You could see an ice beast and terra53's ghost.

Vanquished Creatures
  An ogre (D:4)
  The ghost of terra53 the Conjurer, an amateur DrCj (D:3)
  3 scorpions
  A howler monkey (D:5)
  A hound (D:5)
  A bullfrog skeleton (D:4)
  A centaur skeleton (D:4)
  3 orc priests
  3 orc wizards
  2 worker ants (D:4)
  A worker ant zombie (D:6)
  9 adders
  A river rat (D:4)
  A shadow imp (D:4)
  2 worms
  A dart slug (D:3)
  3 leopard geckos
  6 orcs
  7 giant cockroaches
  4 goblins
  2 hobgoblins
  10 jackals
  A quokka (D:3)
  3 ball pythons
  8 bats
  8 frilled lizards
  20 kobolds
  7 rats
  4 plants (Sewer)
115 creatures vanquished.

Notes
Turn   | Place    | Note
-------+----------+-------------------------------------------
     0 | D:1      | Kurtz the Demigod Fighter began the quest for the Orb.
     0 | D:1      | Reached XP level 1. HP: 18/18 MP: 3/3
    55 | D:1      | Reached skill level 2 in Long Blades
   301 | D:1      | Reached XP level 2. HP: 25/25 MP: 4/4
   605 | D:1      | Reached skill level 3 in Long Blades
   710 | D:2      | Reached XP level 3. HP: 30/30 MP: 5/5
  1111 | D:2      | Found a faded altar of an unknown god.
  1260 | D:3      | Noticed terra53's ghost (amateur DrCj)
  1760 | D:4      | Reached XP level 4. HP: 15/37 MP: 6/6
  1779 | D:4      | Reached skill level 4 in Long Blades
  2072 | D:4      | Found a staircase to the Ecumenical Temple.
  2138 | D:4      | Reached XP level 5. HP: 41/42 MP: 7/7
  2146 | D:4      | Noticed an ogre
  2149 | D:4      | Found a glowing drain.
  2159 | Sewer    | Entered a sewer
  3797 | D:3      | Reached skill level 5 in Long Blades
  4087 | D:3      | Reached XP level 6. HP: 15/50 MP: 8/8
  4097 | D:3      | HP: 1/50 [something/puff of flame (6)]
  4527 | D:3      | Killed terra53's ghost
  5256 | D:4      | Reached skill level 6 in Long Blades
  5256 | D:4      | Reached skill level 5 in Armour
  5256 | D:4      | Reached XP level 7. HP: 17/56 MP: 9/9
  5678 | D:4      | Found a blossoming altar of Fedhas.
  5699 | D:4      | Noticed an oklob plant
  5980 | D:5      | Entered Level 5 of the Dungeon
  6308 | D:5      | Got a faintly glowing leather armour
  6319 | D:5      | Identified the +1 leather armour "Loz Hiho" {rCorr Int+2 Stlth+} (You found it on level 5 of the Dungeon)
  6400 | D:6      | Noticed terra53's ghost (novice DrCj)
  6427 | D:6      | Killed from afar by terra53's ghost

Vault maps used:
D:1:      lemuel_arrival_funnel
D:2:      chequers_ecumenical_altar_lobes
D:3:      serial_park_tiny_1
D:4:      first_bread, portal_sewer_entry_b, tgw_fedhas
D:5:      gammafunk_temple_overflow_forgotten, basic_altar, trog_butcher_becter
D:6:      basic_altar, uniq_sigmund
Sewer:    sewer_co_scattered_pipes

Skill      XL: |  1  2  3  4  5  6 |
---------------+-------------------+-----
Long Blades    | 2 3 4 5 6 |  6.7
Armour         | 3 4 5 |  5.4
Fighting       | |  2.6
Shields        | |  2.6

Action                   |  1- 3 |  4- 6 |  7- 9 || total
-------------------------+-------+-------+-------++-------
Melee: Long sword        |   116 |   374 |    53 ||   543
 Fire: Blowgun           |       |     4 |       ||     4
Throw: Javelin           |     2 |     5 |       ||     7
Evoke: Wand              |       |     2 |       ||     2
  Use: Scroll            |     3 |     1 |     1 ||     5
       Potion            |       |     7 |     3 ||    10
  Eat: Chunk             |    16 |    11 |     5 ||    32
Armor: Plate armour      |    88 |   263 |    45 ||   396
       Scale mail        |     9 |       |       ||     9
Dodge: Dodged            |    29 |    84 |    19 ||   132
       Rpst.: Long sword |     7 |    20 |     6 ||    33
